[ AOE2 MATCH · #505136987 ]
UnrankedGurjaras vs Portuguese
Player's team · WIN
[ REPLAY ANALYSIS · EXTRACTED FROM THE RECORDED GAME ]
Feudal
8:38
Castle
22:39
Imperial
—
| APM avg | 62.4 |
| APM peak | 128 |
| eAPM avg | 24.6 |
| Villagers / military | 97 / 54 |
Focus
⚔️ 44.1% · 🌾 55.9%
Scout Cavalry ×21 · Shrivamsha Rider ×21 · Mangonel ×10 · Camel Scout ×2
Feudal
9:33
Castle
16:46
Imperial
—
| APM avg | 58.8 |
| APM peak | 101 |
| eAPM avg | 24.2 |
| Villagers / military | 30 / 46 |
Focus
⚔️ 29.1% · 🌾 70.9%
Organ Gun ×23 · Monk ×17 · Battering Ram ×6
Match map
Initial resources + every placement click. Lines = walls · curves = elevation contours. ◆ gold · ⬟ stone · ● berries · ✦ relic · ◌ wall gap
Your base· Open — unwalled flank
hK | Puerco_Negro's base· Open — unwalled flank
Smoothed initial terrain · ◌ = detected wall gap · hover for details
Inputs per minute
— DS_Champi WarrioR - - hK | Puerco_Negro
Build order — DS_Champi WarrioR
First 150 of 270 actions detected
| 0:01 | Create | Villager (Male) |
| 0:01 | Create | Villager (Male) |
| 0:01 | Create | Villager (Male) |
| 0:02 | Create | Villager (Male) |
| 0:02 | Create | Villager (Male) |
| 0:03 | Build | House |
| 0:04 | Build | House |
| 0:36 | Build | Mill |
| 1:33 | Create | Villager (Male) |
| 1:34 | Create | Villager (Male) |
| 2:11 | Create | Villager (Male) |
| 2:11 | Create | Villager (Male) |
| 2:35 | Create | Villager (Male) |
| 2:35 | Create | Villager (Male) |
| 2:57 | Create | Villager (Male) |
| 2:57 | Create | Villager (Male) |
| 3:17 | Create | Villager (Male) |
| 3:17 | Create | Villager (Male) |
| 3:36 | Create | Villager (Male) |
| 3:53 | Create | Villager (Male) |
| 4:32 | Create | Villager (Male) |
| 4:37 | Build | Lumber Camp |
| 4:46 | Create | Villager (Male) |
| 5:26 | Create | Villager (Male) |
| 6:03 | Research | Loom |
| 6:13 | Research | Feudal Age |
| 6:13 | Research | Feudal Age |
| 7:27 | Build | Palisade Wall |
| 7:32 | Build | Barracks |
| 8:16 | Build | House |
| 8:38 | Age | Feudal Age |
| 8:39 | Create | Villager (Male) |
| 8:51 | Build | Stable |
| 8:59 | Research | Double-Bit Axe |
| 9:00 | Create | Villager (Male) |
| 9:25 | Create | Villager (Male) |
| 9:27 | Build | House |
| 9:32 | Create | Scout Cavalry |
| 9:32 | Create | Scout Cavalry |
| 9:43 | Build | Lumber Camp |
| 9:56 | Create | Villager (Male) |
| 9:56 | Create | Villager (Male) |
| 10:33 | Create | Villager (Male) |
| 10:33 | Create | Villager (Male) |
| 10:33 | Create | Villager (Male) |
| 10:46 | Build | House |
| 11:03 | Create | Scout Cavalry |
| 11:03 | Create | Scout Cavalry |
| 11:17 | Create | Villager (Male) |
| 11:18 | Create | Villager (Male) |
| 11:21 | Build | House |
| 11:22 | Build | Palisade Wall |
| 11:37 | Build | Watch Tower |
| 11:42 | Create | Villager (Male) |
| 11:43 | Create | Villager (Male) |
| 11:45 | Build | Farm |
| 11:46 | Build | Farm |
| 11:49 | Build | Farm |
| 11:53 | Build | Palisade Wall |
| 11:54 | Build | Palisade Wall |
| 11:57 | Create | Villager (Male) |
| 11:57 | Create | Villager (Male) |
| 12:03 | Build | Mining Camp |
| 12:26 | Create | Villager (Male) |
| 12:42 | Create | Villager (Male) |
| 12:53 | Build | Farm |
| 13:07 | Create | Scout Cavalry |
| 13:28 | Build | Farm |
| 13:30 | Build | Farm |
| 13:47 | Create | Villager (Male) |
| 13:49 | Build | Watch Tower |
| 14:01 | Create | Villager (Male) |
| 14:05 | Build | Market |
| 14:11 | Create | Scout Cavalry |
| 14:11 | Create | Scout Cavalry |
| 14:23 | Build | Palisade Wall |
| 14:24 | Build | Palisade Wall |
| 14:36 | Create | Villager (Male) |
| 14:36 | Create | Villager (Male) |
| 14:38 | Build | Farm |
| 14:43 | Build | Farm |
| 14:44 | Build | Farm |
| 14:54 | Create | Villager (Male) |
| 14:56 | Build | House |
| 15:20 | Create | Villager (Male) |
| 15:22 | Build | Farm |
| 15:22 | Build | Farm |
| 15:45 | Create | Villager (Male) |
| 15:49 | Build | Blacksmith |
| 15:54 | Create | Scout Cavalry |
| 16:00 | Create | Villager (Male) |
| 16:18 | Create | Villager (Male) |
| 16:19 | Build | Farm |
| 16:26 | Create | Scout Cavalry |
| 16:26 | Create | Scout Cavalry |
| 16:27 | Create | Scout Cavalry |
| 16:41 | Build | Farm |
| 16:42 | Build | Farm |
| 17:03 | Create | Villager (Male) |
| 17:05 | Build | Farm |
| 17:12 | Build | Palisade Wall |
| 17:15 | Build | Watch Tower |
| 17:23 | Create | Villager (Male) |
| 17:37 | Build | House |
| 17:41 | Create | Scout Cavalry |
| 17:52 | Build | Farm |
| 17:52 | Build | Farm |
| 17:55 | Create | Villager (Male) |
| 18:19 | Create | Villager (Male) |
| 18:22 | Build | House |
| 18:24 | Build | Watch Tower |
| 19:03 | Build | Mining Camp |
| 19:04 | Create | Villager (Male) |
| 19:06 | Build | House |
| 19:07 | Build | House |
| 19:17 | Build | House |
| 19:59 | Research | Castle Age |
| 19:59 | Research | Castle Age |
| 20:20 | Build | Stable |
| 20:25 | Build | Farm |
| 20:26 | Build | Farm |
| 20:48 | Research | Bloodlines |
| 20:48 | Research | Bloodlines |
| 20:53 | Build | Farm |
| 21:24 | Create | Scout Cavalry |
| 21:26 | Build | House |
| 21:28 | Build | Farm |
| 21:28 | Build | Farm |
| 21:33 | Research | Horse Collar |
| 21:34 | Research | Horse Collar |
| 21:51 | Research | Scale Barding Armor |
| 22:10 | Create | Villager (Male) |
| 22:13 | Create | Scout Cavalry |
| 22:13 | Create | Scout Cavalry |
| 22:25 | Create | Scout Cavalry |
| 22:28 | Create | Villager (Male) |
| 22:39 | Age | Castle Age |
| 22:46 | Create | Shrivamsha Rider |
| 22:46 | Create | Shrivamsha Rider |
| 22:50 | Build | Siege Workshop |
| 23:15 | Create | Scout Cavalry |
| 23:17 | Create | Shrivamsha Rider |
| 23:19 | Create | Shrivamsha Rider |
| 23:19 | Create | Villager (Male) |
| 23:26 | Create | Mangonel |
| 23:34 | Create | Villager (Male) |
| 23:38 | Build | Farm |
| 23:44 | Build | House |
| 23:46 | Build | House |
| 23:55 | Create | Villager (Male) |
Build order — hK | Puerco_Negro
114 actions detected in the replay
| 0:00 | Create | Villager (Male) |
| 0:01 | Create | Villager (Male) |
| 0:01 | Create | Villager (Male) |
| 0:02 | Build | House |
| 0:12 | Create | Villager (Male) |
| 1:24 | Create | Villager (Male) |
| 2:07 | Create | Villager (Male) |
| 2:24 | Create | Villager (Male) |
| 2:24 | Create | Villager (Male) |
| 2:42 | Create | Villager (Male) |
| 3:05 | Create | Villager (Male) |
| 3:20 | Build | Lumber Camp |
| 3:34 | Create | Villager (Male) |
| 3:51 | Create | Villager (Male) |
| 3:54 | Build | House |
| 4:04 | Create | Villager (Male) |
| 4:04 | Create | Villager (Male) |
| 5:12 | Research | Loom |
| 5:16 | Build | Mill |
| 6:02 | Create | Villager (Male) |
| 6:24 | Create | Villager (Male) |
| 6:30 | Create | Villager (Male) |
| 6:36 | Build | House |
| 7:12 | Build | Farm |
| 7:23 | Research | Feudal Age |
| 7:24 | Research | Feudal Age |
| 8:24 | Build | House |
| 8:54 | Build | Palisade Wall |
| 9:33 | Age | Feudal Age |
| 9:35 | Create | Villager (Male) |
| 9:39 | Build | Market |
| 9:47 | Create | Villager (Male) |
| 9:50 | Build | Blacksmith |
| 10:08 | Create | Villager (Male) |
| 10:23 | Build | Mining Camp |
| 10:37 | Create | Villager (Male) |
| 10:52 | Build | House |
| 11:00 | Create | Villager (Male) |
| 11:09 | Build | Farm |
| 11:17 | Create | Villager (Male) |
| 11:20 | Build | House |
| 11:21 | Build | Palisade Wall |
| 11:23 | Create | Villager (Male) |
| 11:23 | Create | Villager (Male) |
| 11:54 | Create | Villager (Male) |
| 12:21 | Create | Villager (Male) |
| 12:22 | Create | Villager (Male) |
| 13:20 | Build | Watch Tower |
| 14:06 | Research | Castle Age |
| 14:44 | Build | Gate |
| 14:50 | Build | Gate |
| 14:57 | Build | Stone Wall |
| 16:46 | Age | Castle Age |
| 16:56 | Build | Castle |
| 17:02 | Build | Stone Wall |
| 17:04 | Build | Stone Wall |
| 17:19 | Build | Mining Camp |
| 17:45 | Create | Organ Gun |
| 18:11 | Create | Villager (Male) |
| 18:50 | Build | Lumber Camp |
| 19:14 | Create | Organ Gun |
| 19:49 | Create | Organ Gun |
| 20:08 | Create | Organ Gun |
| 20:11 | Create | Villager (Male) |
| 20:35 | Create | Organ Gun |
| 21:16 | Create | Organ Gun |
| 21:30 | Create | Organ Gun |
| 22:00 | Build | Siege Workshop |
| 22:14 | Create | Organ Gun |
| 22:33 | Create | Organ Gun |
| 22:50 | Create | Battering Ram |
| 22:53 | Build | House |
| 23:14 | Create | Organ Gun |
| 23:14 | Create | Organ Gun |
| 23:26 | Create | Organ Gun |
| 23:47 | Create | Battering Ram |
| 23:53 | Build | House |
| 24:16 | Create | Organ Gun |
| 24:38 | Create | Organ Gun |
| 25:07 | Build | Monastery |
| 25:18 | Create | Organ Gun |
| 25:55 | Create | Monk |
| 26:11 | Build | Monastery |
| 26:49 | Create | Monk |
| 27:00 | Research | Sanctity |
| 27:24 | Create | Organ Gun |
| 27:25 | Create | Organ Gun |
| 27:36 | Create | Monk |
| 27:38 | Create | Monk |
| 28:12 | Create | Monk |
| 28:32 | Create | Monk |
| 28:34 | Create | Monk |
| 28:38 | Create | Organ Gun |
| 28:38 | Create | Organ Gun |
| 28:39 | Create | Organ Gun |
| 28:39 | Create | Organ Gun |
| 28:53 | Create | Monk |
| 29:16 | Create | Monk |
| 29:40 | Create | Monk |
| 29:41 | Create | Monk |
| 29:45 | Create | Organ Gun |
| 29:52 | Create | Battering Ram |
| 29:58 | Create | Organ Gun |
| 30:36 | Build | Lumber Camp |
| 30:59 | Research | Redemption |
| 31:18 | Create | Monk |
| 31:18 | Create | Monk |
| 31:42 | Create | Battering Ram |
| 32:00 | Create | Monk |
| 32:20 | Create | Monk |
| 32:56 | Create | Monk |
| 32:58 | Create | Battering Ram |
| 33:55 | Create | Monk |
| 34:12 | Create | Battering Ram |
Match timeline
| 7:27 | DS_Champi WarrioR · wall_segment Palisade Wall x2 |
| 7:32 | DS_Champi WarrioR · first_building Barracks |
| 8:38 | DS_Champi WarrioR · age_up feudal |
| 8:51 | DS_Champi WarrioR · first_building Stable |
| 8:54 | hK | Puerco_Negro · wall_segment Palisade Wall x9 |
| 9:33 | hK | Puerco_Negro · age_up feudal |
| 11:21 | hK | Puerco_Negro · wall_segment Palisade Wall x1 |
| 11:22 | DS_Champi WarrioR · wall_segment Palisade Wall x6 |
| 11:53 | DS_Champi WarrioR · wall_segment Palisade Wall x1 |
| 11:54 | DS_Champi WarrioR · wall_segment Palisade Wall x1 |
| 14:00 | hK | Puerco_Negro · first_market_sell 100 wood |
| 14:23 | DS_Champi WarrioR · wall_segment Palisade Wall x1 |
| 14:24 | DS_Champi WarrioR · wall_segment Palisade Wall x1 |
| 14:57 | hK | Puerco_Negro · wall_segment Stone Wall x1 |
| 15:58 | hK | Puerco_Negro · first_market_buy 100 stone |
| 16:46 | hK | Puerco_Negro · age_up castle |
| 16:56 | hK | Puerco_Negro · first_building Castle |
| 17:02 | hK | Puerco_Negro · wall_segment Stone Wall x1 |
| 17:04 | hK | Puerco_Negro · wall_segment Stone Wall x1 |
| 17:12 | DS_Champi WarrioR · wall_segment Palisade Wall x1 |
| 21:33 | DS_Champi WarrioR · first_market_buy 100 wood |
| 22:00 | hK | Puerco_Negro · first_building Siege Workshop |
| 22:39 | DS_Champi WarrioR · age_up castle |
| 22:50 | DS_Champi WarrioR · first_building Siege Workshop |
| 25:07 | hK | Puerco_Negro · first_building Monastery |
| 30:59 | DS_Champi WarrioR · first_building Monastery |
| 31:38 | DS_Champi WarrioR · first_market_sell 100 wood |
| 33:50 | DS_Champi WarrioR · wall_segment Palisade Wall x1 |
| 33:50 | DS_Champi WarrioR · wall_segment Palisade Wall x1 |
| 33:51 | DS_Champi WarrioR · wall_segment Palisade Wall x1 |
| 33:52 | DS_Champi WarrioR · wall_segment Palisade Wall x1 |
| 37:35 | hK | Puerco_Negro · resign |
[ AI ANALYSIS · 1 CREDIT ]
What really happened in this match?
Wolo.gg analyzes every decision: build order, eco, micro, common mistakes by bracket. Personalized analysis on WhatsApp or Discord in 30 seconds.
Civ guide
Gurjaras
Perfil
Jugador #4358030